 Dungeon Crawl Stone Soup version 0.28.0-47-ge53b351184 (webtiles) character file.

Game seed: 12797911316090701157

1376 winsomniak the Sneak (level 8, 0/52 HPs)
             Began as an Octopode Transmuter on May 1, 2022.
             Was a Believer of Wu Jian.
             Succumbed to a scorpion's poison
             ... on level 6 of the Dungeon.
             The game lasted 01:03:02 (8136 turns).

winsomniak the Sneak (Octopode Transmuter)          Turns: 8136, Time: 01:03:03

Health: 0/52       AC:  1    Str: 15    XL:     8   Next: 66%
Magic:  11/12      EV: 13    Int: 23    God:    Wu Jian [**....]
Gold:   111        SH:  3    Dex: 13    Spells: 8/13 levels left

rFire   . . .      SeeInvis .     - Unarmed
rCold   . . .      Faith    .   b - +0 buckler
rNeg    . . .      Spirit   .   (helmet currently unavailable)
rPois   .          Reflect  .   (no amulet)
rElec   .          Harm     .   f - +6 ring of strength
rCorr   .          Rampage  .   q - +6 ring of intelligence
Will    .....                   (no ring)
Stlth   ++++......              (no ring)
HPRegen 0.17/turn               (no ring)
MPRegen 0.13/turn               (no ring)
                                (no ring)
                                (no ring)

@: lethally poisoned (0 -> -7), appendages, flying, hasted, very quick
A: tentacle spike 3, almost no armour, amphibious, 8 rings, camouflage 1,
gelatinous body 1, (nimble swimmer 1), tentacles
a: End Transformation, Renounce Religion, Wall Jump


You were on level 6 of the Dungeon.
You worshipped Wu Jian.
Wu Jian was pleased with you.
One of your tentacles had grown a beastly spike.
You visited 2 branches of the dungeon, and saw 7 of its levels.

You collected 233 gold pieces.
You spent 122 gold pieces at shops.

Inventory:

Hand Weapons
 n - a +0 hand crossbow
Missiles
 c - 9 boomerangs (quivered)
 o - 22 bolts
 w - 19 arrows
Armour
 b - a +0 buckler (worn)
 v - a +0 kite shield
Magical Staves
 h - a staff of fire
 k - a staff of death
 t - a staff of conjuration
Jewellery
 a - a ring of fire
 f - a +6 ring of strength (left tentacle)
 q - a +6 ring of intelligence (right tentacle)
Wands
 m - a wand of acid (11)
 y - a wand of paralysis (12)
Scrolls
 d - a scroll of identify
 j - 4 scrolls of teleportation {unknown}
 l - a scroll of amnesia {unknown}
 s - a scroll of acquirement {unknown}
 u - a scroll of noise {unknown}
 x - 2 scrolls of enchant armour {unknown}
 z - a scroll of silence {unknown}
Potions
 e - 2 potions of flight
 g - a potion of ambrosia
 i - a potion of brilliance
 p - 2 potions of haste
 r - a potion of degeneration {unknown}
 A - a potion of lignification {unknown}
 B - a potion of attraction {unknown}


   Skills:
 + Level 3.0 Fighting
 + Level 3.6 Dodging
 * Level 5.9 Stealth
 * Level 5.2 Unarmed Combat
 + Level 3.3 Spellcasting
 + Level 1.2 Conjurations
 + Level 1.1 Summonings
 * Level 4.6 Transmutations
 + Level 1.8 Fire Magic
 + Level 2.9 Poison Magic
 - Level 2.0 Evocations


You had 8 spell levels left.
You knew the following spells:

 Your Spells              Type           Power      Damage    Failure   Level
a - Beastly Appendage     Tmut           50%        N/A       2%          1
b - Spider Form           Tmut/Pois      21%        N/A       10%         3
c - Summon Small Mammal   Summ           36%        N/A       10%         1

Your spell library contained the following spells:

 Spells                   Type           Power      Damage    Failure   Level
 Wereblood                Tmut           25%        N/A       3%          2
 Animate Skeleton         Necr           6%         N/A       16%         1
 Apportation              Tloc           6%         N/A       16%         1
 Ice Form                 Ice/Tmut       14%        N/A       52%         4
 Fireball                 Conj/Fire      5%         3d5       92%         5
 Iskenderun's Battlesphe  Conj           9%         2d6       95%         5
 Conjure Ball Lightning   Conj/Air       3%         3x3d6     100%        6
 Orb of Destruction       Conj           4%         9d5       100%        7


Dungeon Overview and Level Annotations

Branches:
Dungeon (6/15)             Temple (1/1) D:6

Altars:
Ashenzari
Cheibriados
Dithmenos
Elyvilon
Fedhas
Gozag
Hepliaklqana
Kikubaaqudgha
Makhleb
Nemelex Xobeh
Okawaru
Qazlal
Ru
Sif Muna
Trog
Uskayaw
Vehumet
Wu Jian
Xom
Yredelemnul
Zin
The Shining One

Shops:
D:6 *

Annotations:
D:4 Sigmund
D:6 2 transporters, enile's ghost, amateur FoEE


Innate Abilities, Weirdness & Mutations

One of your tentacles has grown a beastly spike.
You cannot wear most types of armour.
You are amphibious.
You can wear up to eight rings at the same time.
Your skin changes colour to match your surroundings (Stealth+).
Your rubbery body absorbs attacks. (AC +1, EV +1)
((You are camouflaged when in or above water. (Stealth+)))
You have tentacles for arms and can constrict up to eight enemies at once.


Message History

Press: ? - help, Shift-Dir - straight line The Council accepts your kill.
Reactivating autopickup.
You feel a bit more experienced.
Casting: Spider Form (dangerous; 10% risk of failure)
Confirm with . or Enter, or press ? or * to list all spells.
One of your tentacles grows a vicious spike.
You block the orc's attack.
You barely miss the orc. You grab the orc. You constrict the orc.
The scorpion closely misses you. The orc hits you with a +0 whip.
You bludgeon the orc!
You kill the orc!
The Council accepts your kill. The scorpion stings you.
You tentacle-slap the scorpion but do no damage.
You grab the scorpion.
You pierce the scorpion.
The scorpion is lightly wounded.
You constrict the scorpion. The scorpion barely misses you.
You barely miss the scorpion.
The scorpion is lightly wounded.
You constrict the scorpion. The scorpion stings you.
* * * LOW HITPOINT WARNING * * *
You tentacle-slap the scorpion.
The scorpion is moderately wounded.
You constrict the scorpion. The scorpion stings you.
* * * LOW HITPOINT WARNING * * *
The scorpion stings you.
* * * LOW HITPOINT WARNING * * *
You are lethally poisoned!
The scorpion poisons you!
It was a potion of haste.
You feel yourself speed up.
You constrict the scorpion.
* * * LOW HITPOINT WARNING * * *
You feel very sick. The scorpion stings you.
* * * LOW HITPOINT WARNING * * *
It was a potion of flight.
You feel very buoyant.
You fly up into the air.
You constrict the scorpion.
You die...

#....###..# ............
#.........# ≈......≈....
#.........# ≈o....≈≈....
.......# .≈....≈≈≈≈...
.....# ......≈≈≈≈... #...#
.....≈≈≈≈≈≈..
..###.†.#####....≈≈§≈≈≈≈..
..'.....s.).....≈≈§§≈≈≈≈..
..#......@#....≈≈≈≈§≈§≈≈..
#.......#...≈≈≈≈≈§≈≈≈≈..
#.......#..≈≈≈≈≈≈≈§≈≈...
#########.#≈≈≈≈≈.≈≈≈≈...
######.##..##.#.≈≈≈≈...≈....
#.............'..≈.....≈....
#.............#.............
#.............#.............
#.............#.............


You could see a scorpion.

Vanquished Creatures
  2 ogres
  An ice beast (D:5)
  A black bear (D:6)
  2 necrophages
  A centaur (D:5)
  A bullfrog (D:6)
  A scorpion (D:6)
  A water moccasin zombie (D:5)
  A wyvern zombie (D:6)
  2 hounds (D:5)
  2 orc priests (D:6)
  3 jellies
  A centaur skeleton (D:4)
  An iguana (D:4)
  2 orc wizards (D:6)
  Robin (D:4)
  10 adders
  2 shadow imps
  2 ufetubi
  2 dart slugs
  10 orcs
  6 ball pythons
  3 bats (D:1)
  5 endoplasms
  A giant cockroach (D:3)
  12 goblins
  9 hobgoblins
  9 jackals
  6 kobolds
  3 quokkas
  4 frilled lizards
  7 rats
114 creatures vanquished.

Vanquished Creatures (others)
  An orc (D:6)
  4 plants (D:3)
5 creatures vanquished.

Grand Total: 119 creatures vanquished

Notes
Turn   | Place    | Note
-------+----------+-------------------------------------------
     0 | D:1      | winsomniak the Octopode Transmuter began the quest for the
                  | Orb.
     0 | D:1      | Reached XP level 1. HP: 13/13 MP: 3/3
   157 | D:1      | Reached XP level 2. HP: 18/18 MP: 3/5
   168 | D:1      | Reached skill level 1 in Stealth
   521 | D:1      | Reached XP level 3. HP: 21/23 MP: 6/6
  1444 | D:2      | Reached XP level 4. HP: 28/28 MP: 5/7
  2473 | D:3      | Learned a level 3 spell: Spider Form
  2589 | D:3      | Found a faded altar of an unknown god.
  2609 | D:3      | Prayed at the altar of an unknown god.
  2609 | D:3      | Became a worshipper of the Wu Jian Council
  2609 | D:3      | Reached * piety under Wu Jian
  2744 | D:3      | Reached XP level 5. HP: 33/33 MP: 6/8
  3097 | D:4      | Noticed Sigmund
  3243 | D:4      | Noticed an ogre
  3271 | D:3      | Killed an ogre
  3467 | D:4      | Noticed Robin
  3490 | D:4      | Reached skill level 1 in Poison Magic
  3492 | D:4      | Reached XP level 6. HP: 31/37 MP: 9/9
  3941 | D:4      | Killed Robin
  4532 | D:4      | Reached ** piety under Wu Jian
  4687 | D:5      | Entered Level 5 of the Dungeon
  4690 | D:5      | Noticed a necrophage
  5555 | D:5      | Reached XP level 7. HP: 27/45 MP: 11/11
  5747 | D:5      | Learned a level 1 spell: Summon Small Mammal
  6470 | D:5      | Reached skill level 1 in Fire Magic
  6470 | D:5      | Reached skill level 1 in Evocations
  6790 | D:6      | Found a transporter.
  6792 | D:6      | Found a transporter.
  6792 | D:6      | Noticed enile's ghost (amateur FoEE)
  6793 | D:6      | Noticed a cyclops
  6866 | D:6      | Reached skill level 5 in Stealth
  6882 | D:6      | Found Siutausa's Assorted Antiques.
  6894 | D:6      | Bought a wand of paralysis (4) for 50 gold pieces
  6894 | D:6      | Bought a scroll labelled WUUDELE HYSMOPP for 25 gold pieces
  6894 | D:6      | Bought a scroll labelled ADAOKLIAZXO for 25 gold pieces
  6894 | D:6      | Bought a viscous ruby potion for 22 gold pieces
  7075 | D:6      | Reached XP level 8. HP: 43/51 MP: 9/12
  7162 | D:6      | HP: 2/51 [wyvern zombie (14)]
  7397 | D:6      | Found a burning altar of Makhleb.
  7426 | D:6      | Reached skill level 5 in Unarmed Combat
  7507 | D:6      | Reached skill level 1 in Conjurations
  7519 | D:6      | Found a staircase to the Ecumenical Temple.
  7524 | D:6      | Reached skill level 1 in Summonings
  7526 | Temple   | Entered the Ecumenical Temple
  8135 | D:6      | HP: 1/52 [scorpion (6)]
  8136 | D:6      | Succumbed to a scorpion's poison

Illustrated notes

Levels and vault maps discovered:
D:1:      nagdon_arrival_zigzag_paths, layout_loops_ring, minmay_tiny_reverse_x
D:2:      layout_basic, minmay_3d_cube
D:3:      layout_loops_cross, dilly_ecumenical_altar_fadedgnrine
D:4:      layout_layer_cave, uniq_sigmund, uniq_natasha, uniq_robin
D:5:      layout_cave_pools
D:6:      layout_gridville, kennysheep_mini, minmay_temple_entry_proselytizer,
          serial_shops, nicolae_shop_statue_plus, gammafunk_ghost_arena,
          lemuel_old_faithful
Temple:   mainiacjoe_temple_trianglar_array

Skill      XL: |  1  2  3  4  5  6  7  8 |
---------------+-------------------------+-----
Stealth        | 1 2 3 4 5 |  5.9
Transmutations | 3 4 |  4.6
Poison Magic   | 1 2 |  2.9
Fighting       | 2 3 |  3.0
Unarmed Combat | 4 5 |  5.2
Dodging        | 3 |  3.6
Spellcasting   | 3 |  3.3
Fire Magic     | 1 |  1.8
Evocations     | 1 2 |  2.0
Conjurations   | 1 |  1.2
Summonings     | 1 |  1.1

Action                   |  1- 3 |  4- 6 |  7- 9 || total
-------------------------+-------+-------+-------++-------
Melee: Unarmed           |    60 |   120 |    74 ||   254
       Kick              |    20 |    32 |     9 ||    61
       Constrict         |    16 |    25 |     8 ||    49
       Tentacles         |    10 |    14 |    11 ||    35
       Punch             |     1 |     6 |       ||     7
 Cast: Beastly Appendage |    14 |    33 |     8 ||    55
       Spider Form       |       |     6 |    17 ||    23
       Summon Small Mamm |       |       |    10 ||    10
Invok: Lunge             |       |     8 |     7 ||    15
       Whirlwind         |       |     1 |     1 ||     2
Evoke: Wand              |       |       |     4 ||     4
  Use: Scroll            |       |     1 |     3 ||     4
       Potion            |       |       |     3 ||     3
 Stab: Sleeping          |     6 |    11 |     5 ||    22
       Distracted        |       |     1 |       ||     1
       Paralysed         |       |       |     3 ||     3
Armor: Skin              |     7 |     6 |     3 ||    16
Dodge: Dodged            |    28 |    76 |    60 ||   164
Block: Buckler           |       |       |     2 ||     2
